Unix NetHack Version 5.0.0-0 post-release - last build May  4 2026 22:22:43 (774f63e81ad911689b3a0859ea89b322d5daca8d,branch:main).

Game began 2026-05-06 05:12:50, ended 2026-05-06 05:38:41.

01246791210, neutral male human Barbarian

                          |             ----
      --                  |.           --..--
      |..             -----..          |....|
      |...             ..  ...-------  |....|
     --....-        ---.     .......|  ----%-----
     |......--- ---  ...--   -......---   |...|.---
      -........  .`.  ...-   |........|   |...@...|
      ..........--..--...   --........    |.GG....|
        ............|....  --.........    ---G....|
         -..............----..........-------....--
         |...(...................................-
         |-.............---..----.......------..he....-
         |............%.......-------....|    .---.....-
           --.*.........<......|    |...-- - ---   ......|
           |..................--------.....|         ....|
           |.......`...........).......-----          ...|
           --....--.--.|.....-----------               .--
            --- - -- ----.----                         --
                        ---
01246791210 the Pillager   St:18 Dx:18 Co:18 In:8 Wi:7 Ch:6  Neutral
Dlvl:6  $:17 HP:0(46) Pw:9(9) AC:7  Xp:4 T:2247 

Latest messages:
 The dwarf drinks a puce potion!
 The dwarf seems more experienced.
 You descend the stairs.
 The gnome lord drinks a sky blue potion!
 The gnome lord is suddenly moving faster.
 The gnome lord wields an aklys!
 The gnome lord secures the tether on the aklys.
 The gnome picks up a potion.
 You smite the gnome lord!
 The gnome lord swings his aklys.
 The gnome lord hits!
 You smite the gnome lord.
 You kill the gnome lord!
 The gnome throws a dagger!
 You are hit by a dagger!
 The gnome hits!
 The gnome throws a dagger!
 You are almost hit by a dagger.
 The gnome picks up an aklys.
 The gnome picks up a dagger.
 The gnome picks up a dagger.
 The gnome wields 2 daggers!
 The gnome picks up a violet gem.
 The gnome throws a dagger!
 You are hit by a dagger.
 The gnome picks up a dagger.
 The gnome throws a dagger!
 The dagger hits the gnome lord.
 The dwarf lord throws a dagger!
 The dagger hits the gnome lord.
 The dwarf lord picks up a dagger.
 Kaablamm!  You hear an explosion in the distance!
 The gnome lord hits!
 The gnome lord hits!
 The gnome misses!
 You kill the gnome!
 You see here a gnome corpse.
 You have trouble lifting a gnome corpse.  Continue? [ynq] (q) n
 The gnome hits!
 The gnome hits!
 You kill the gnome!
 The gnome hits!
 The gnome lord hits!
 The gnome lord hits!
 You die...
 Do you want your possessions identified? [ynq] (y) n
 Do you want to see your attributes? [ynq] (y) n
 Do you want an account of creatures vanquished? [ynaq] (y) n
 Do you want to see your conduct and achievements? [ynq] (y) n
 Do you want to see the dungeon overview? [ynq] (y) n

Inventory:
 Coins    ('$')
  $ - 17 gold pieces
 Weapons  (')')
  u - a +0 dagger
  p - a +0 orcish dagger
  o - a +0 spear
  b - a +0 axe (alternate weapon; not wielded)
  n - a +0 axe
  h - the +4 Frost Brand
  a - a blessed +0 two-handed sword
 Armor    ('[')
  k - a cursed -1 pair of gauntlets of fumbling
  v - an uncursed +0 pair of iron shoes
  w - an uncursed +0 dwarvish cloak
  c - a blessed +0 ring mail (being worn)
 Scrolls  ('?')
  g - an uncursed scroll of create monster
  f - an uncursed scroll of enchant armor
 Potions  ('!')
  e - a cursed potion of booze
  l - an uncursed potion of healing
  m - 2 uncursed potions of paralysis
 Gems/Stones  ('*')
  x - an uncursed worthless piece of blue glass
  y - an uncursed worthless piece of orange glass
  j - 3 uncursed worthless pieces of red glass
  t - an uncursed worthless piece of yellow glass
 Boulders/Statues  ('`')
  r - an empty uncursed statue of a giant rat

01246791210 the Barbarian's attributes:

Background:
 You were a Pillager, a level 4 male human Barbarian.
 You were neutral, nominally on a mission for Crom
 who was opposed by Mitra (lawful) and Set (chaotic).
 You were right-handed.
 You were in the Gnomish Mines, on level 6.
 You entered the dungeon 2247 turns ago.
 It was nighttime.
 You had 138 experience points, 22 more were needed to attain level 5.

Basics:
 You had 0 out of 46 hit points.
 You had all 9 energy points (spell power).
 Your armor class was 7.
 Your wallet contained 17 zorkmids.
 Autopickup was off.

Final Characteristics:
 Your strength was 18 (limit:18/100).
 Your dexterity was 18 (limit:18).
 Your constitution was 18 (limit:18).
 Your intelligence was 8 (limit:18).
 Your wisdom was 7 (limit:18).
 Your charisma was 6 (limit:18).

Final Status:
 You weren't hungry.
 You were unencumbered.
 You were bare handed.
 You had basic skill with bare handed combat.

Final Attributes:
 You were piously aligned.
 You were poison resistant.
 You were warded.
 You are dead.

Miscellaneous:
 You didn't encounter any bones levels.
 Total elapsed playing time was 25 minutes and 49 seconds.

Major events:
 Turn
    1: 01246791210 the neutral male human Barbarian entered the dungeon
  170: found Frost Brand on the floor
 1676: attained the rank of Pillager (level 3)
 2045: entered the Gnomish Mines
 2247: killed by a gnome lord

You didn't know any spells.

Skills:
 Fighting Skills
   bare handed combat [Basic]
   two weapon combat  [Unskilled]
   riding             [Unskilled]
 Weapon Skills
   dagger             [Unskilled]
   axe                [Basic]
   pick-axe           [Unskilled]
   short sword        [Unskilled]
   broadsword         [Unskilled]
   long sword         [Unskilled]
   two-handed sword   [Basic]
   saber              [Unskilled]
   club               [Unskilled]
   mace               [Unskilled]
   morning star       [Unskilled]
   flail              [Unskilled]
   hammer             [Unskilled]
   quarterstaff       [Unskilled]
   spear              [Unskilled]
   trident            [Unskilled]
   bow                [Unskilled]
 Spellcasting Skills
   attack spells      [Unskilled]
   escape spells      [Unskilled]

Voluntary challenges:
 Character rerolling was not enabled.
 You were an atheist.
 You were illiterate.
 You never genocided any monsters.
 You never polymorphed an object.
 You never changed form.
 You used no wishes.
Achievements:
 You entered a shop.
 You attained the rank of Pillager.
 You entered the Gnomish Mines.

 The Dungeons of Doom: levels 1 to 4
    Level 1:
       A fountain.
    Level 2:
       A potion shop.
    Level 3:
       A sink.
    Level 4:
       Stairs down to The Gnomish Mines.
 The Gnomish Mines: levels 5 to 6
    Level 5:
    Level 6: <- You were here.
       Final resting place for
          you, killed by a gnome lord.


Vanquished creatures:
  a gnome leader
  a dwarf
  2 dwarf zombies
  a gas spore
  a large kobold
  2 yellow molds
  7 gnomes
  a gecko
 14 jackals
  3 foxes
  a goblin
  a sewer rat
 10 grid bugs
  a bat
  2 lichens
  2 kobold zombies
  7 newts
57 creatures vanquished.

No species were genocided or became extinct.

Game over:
                       ----------
                      /          \
                     /    REST    \
                    /      IN      \
                   /     PEACE      \
                  /                  \
                  |   01246791210    |
                  |      17 Au       |
                  |   killed by a    |
                  |    gnome lord    |
                  |                  |
                  |                  |
                  |       2026       |
                 *|     *  *  *      | *
        _________)/\\_//(\/(/\)/\//\/|_)_______

Goodbye 01246791210 the Barbarian...

You died in The Gnomish Mines on dungeon level 6 with 818 points,
and 17 pieces of gold, after 2247 moves.
You were level 4 with a maximum of 46 hit points when you died.

